 Dungeon Crawl Stone Soup version 0.31-a0-431-g88bdf31460 (webtiles) character file.

Game seed: 17349178579123346070

40 sampeng1 the Ruffian (level 3, -4/27 HPs)
             Began as a Human Shapeshifter on Aug 1, 2023.
             Slain by a hobgoblin (5 damage)
             ... led by Robin
             ... on level 2 of the Dungeon.
             The game lasted 00:03:29 (1094 turns).

sampeng1 the Ruffian (Human Shapeshifter)           Turns: 1094, Time: 00:03:29

Health: -4/27      AC:  3    Str: 17    XL:     3   Next: 72%
Magic:  3/3        EV: 12    Int:  8    God:
Gold:   42         SH:  0    Dex: 13    Spells: 2/2 levels left

rFire   . .          .
                       - Unarmed
rCold   . . .        (no shield)
rNeg    . . .        j - +0 leather armour
rPois   .            (helmet currently unavailable)
rElec   .            (cloak currently unavailable)
rCorr   .            (gloves currently unavailable)
SInv    .            (boots currently unavailable)
Will    .....        (no amulet)
Stlth   +            (no ring)
HPRegen 0.24/turn    (no ring)
MPRegen 0.08/turn

%: no passive effects
@: beast-form
A: beast (slay +2)
a: Begin Untransformation


You were on level 2 of the Dungeon.
You were a hulking beast.
You visited 1 branch of the dungeon, and saw 2 of its levels.

You collected 42 gold pieces.

Inventory:

Armour
 a - a +0 animal skin
 j - a +0 leather armour (worn)
Jewellery
 f - an amulet of faith
Talismans
 c - a beast talisman (active)
Scrolls
 e - a scroll of identify {unknown}
 h - 3 scrolls of teleportation {unknown}
 i - 2 scrolls of amnesia {unknown}
Potions
 b - a potion of lignification
 d - 2 potions of magic {unknown}
 g - a potion of curing {unknown}


   Skills:
 + Level 1.6 Fighting
 + Level 1.0 Armour
 + Level 2.4 Dodging
 + Level 3.3 Unarmed Combat
 + Level 3.2 Shapeshifting


You had 2 spell levels left.
You didn't know any spells.
Your spell library was empty.

Dungeon Overview and Level Annotations

Branches:
Dungeon (2/15)

Altars:

Annotations:
D:2 Robin


Message History

The hobgoblin barely misses you.
You barely miss the hobgoblin. The hobgoblin closely misses you.
The hobgoblin hits you but does no damage.
You closely miss the hobgoblin. Your punch misses the hobgoblin.
The hobgoblin hits you but does no damage.
Robin roars a battlecry!
The goblins go into a battle-frenzy!
The hobgoblin hits you.
You hit the hobgoblin.
The hobgoblin is heavily wounded.
The hobgoblin hits you. The hobgoblin barely misses you.
You closely miss the hobgoblin.
The hobgoblin is heavily wounded.
The hobgoblin hits you but does no damage.
The hobgoblin closely misses you.
You completely miss the hobgoblin.
The hobgoblin is heavily wounded.
The hobgoblin hits you. The hobgoblin closely misses you.
You hit the hobgoblin.
The hobgoblin is almost dead.
The hobgoblin hits you. x2
* * * LOW HITPOINT WARNING * * *
You hit the hobgoblin.
You kill the hobgoblin!
The hobgoblin barely misses you. Robin throws the goblin at you!
Things that are here:
a +0 dagger; a +0 club; a hobgoblin corpse You hit the goblin.
The goblin is heavily wounded.
The hobgoblin misses you.
The goblin hits you with a +1 dagger of electrocution.
* * * LOW HITPOINT WARNING * * *
You closely miss the goblin.
The goblin is heavily wounded.
The goblin misses you. The hobgoblin closely misses you.
You closely miss the goblin.
The goblin is heavily wounded.
The goblin misses you. The hobgoblin hits you.
You die...

#+# .... .....
.....g####
....ggggh#
....gg##g#
##### #.#
#########.###.#
#.............#
#.####.########
##### #.# .....
#....
#.##.#.###
#.### #.##.#..
#.#


You could see Robin, 2 hobgoblins and 5 goblins.

Vanquished Creatures
  An adder (D:2)
  A dart slug (D:1)
  2 endoplasms (D:1)
  3 giant cockroaches (D:1)
  6 goblins
  2 hobgoblins (D:2)
  A quokka (D:1)
  2 bats (D:1)
  4 frilled lizards (D:1)
  4 kobolds
  2 rats
28 creatures vanquished.

Notes
Turn   | Place    | Note
-------+----------+-------------------------------------------
     0 | D:1      | sampeng1 the Human Shapeshifter began the quest for the
                  | Orb.
     0 | D:1      | Reached XP level 1. HP: 15/15 MP: 1/1
   169 | D:1      | Reached XP level 2. HP: 21/21 MP: 2/2
   713 | D:1      | Reached XP level 3. HP: 26/26 MP: 3/3
  1076 | D:2      | Noticed Robin
  1082 | D:2      | Reached skill level 1 in Armour
  1092 | D:2      | HP: 1/27 [goblin/+1 dagger of electrocution[Robin] (5)]
  1094 | D:2      | Slain by a hobgoblin

Illustrated notes

Levels and vault maps discovered:
D:1:      erik_arrival_triangle_small, layout_loops_ring
D:2:      kennysheep_six_static_rooms, layout_basic, uniq_natasha, uniq_robin

Skill      XL: |  1  2  3 |
---------------+----------+-----
Armour         | 1 |  1.0
Fighting       | |  1.6
Dodging        | |  2.4
Unarmed Combat | |  3.3
Shapeshifting  | |  3.2

Action                     || total
---------------------------++-------
  Melee: Unarmed           ||    82
         Punch             ||     1
 Armour: Animal skin       ||     8
         Leather armour    ||     5
  Dodge: Dodged            ||    54

Table legend: (Time is in decaauts)
 A = Elapsed time spent in this place.
 B = Non-inter-level travel time spent in this place.
 C = Inter-level travel time spent in this place.
 D = Time resting spent in this place.
 E = Time spent auto-exploring this place.
 F = Levels seen in this place.
 G = Mean time per level.
                   A        B        C        D        E       F      G
               +--------+--------+--------+--------+--------+-----+--------+
         Total |   1088 |   1088 |      0 |      0 |    844 |   2 |  544.0 |
       Dungeon |   1088 |   1088 |      0 |      0 |    844 |   2 |  544.0 |
               +--------+--------+--------+--------+--------+-----+--------+

Top non-repeatable levels by time:
     D:1: 743 daAuts
     D:2: 345 daAuts
